 Dungeon Crawl Stone Soup version 0.30-a0-168-g0b976cbdc4 (webtiles) character file.

Game seed: 10740832694477739863

677 qw the Chopper (level 7, -4/43 HPs)
             Began as a Gargoyle Fighter on Sept 29, 2022.
             Killed from afar by an orc wizard (5 damage)
             ... with a magic dart
             ... on level 5 of the Dungeon.
             The game lasted 00:01:29 (3247 turns).

qw the Chopper (Gargoyle Fighter)                   Turns: 3247, Time: 00:01:29

Health: -4/43      AC: 16    Str: 21    XL:     7   Next: 60%
Magic:  7/7        EV:  7    Int:  9    God:
Gold:   306        SH:  4    Dex:  9    Spells: 6/6 levels left

rFire   . . .      SeeInvis .    Y - +0 war axe
rCold   . . .      Faith    .    c - +0 buckler
rNeg    + . .      Spirit   .    i - +0 chain mail
rPois   inf        Reflect  .    e - +1 hat
rElec   +          Harm     .    (no cloak)
rCorr   +          Rampage  .    (no gloves)
Will    .....                    k - +0 pair of boots
Stlth   ..........               (no amulet)
HPRegen 0.14/turn                l - ring of resist corrosion
MPRegen 0.10/turn                (no ring)

@: about to teleport
A: sickness immunity, AC +4, negative energy resistance 1, electricity
resistance, torment resistance 1, petrification resistance, camouflage 1,
deterioration 1, wild magic 1
a: no special abilities


You were on level 5 of the Dungeon.
You visited 1 branch of the dungeon, and saw 5 of its levels.

You collected 306 gold pieces.


Innate Abilities, Weirdness & Mutations

You are immune to sickness and miasma.
Your stone body is resilient. (AC +4)
You are immune to poison.
You resist negative energy. (rN+)
You are resistant to electric shocks. (rElec)
You are resistant to unholy torment.
You are immune to petrification.
Your skin changes colour to match your surroundings (Stealth+).
Your body sometimes deteriorates upon taking damage.
Your spells are a little harder to cast, but a little more powerful.


   Skills:
 + Level 4.0 Fighting
 - Level 7.1 Axes
 - Level 3.2 Armour
 - Level 1.3 Dodging
 - Level 3.2 Shields


You had 6 spell levels left.
You didn't know any spells.
Your spell library was empty.

Inventory:

Hand Weapons
 g - a +0 flail
 Y - a +0 war axe (weapon)
Missiles
 b - 2 boomerangs (quivered)
Armour
 c - a +0 buckler (worn)
 e - a +1 hat (worn)
 i - a +0 chain mail (worn)
 k - a +0 pair of boots (worn)
Jewellery
 l - a ring of resist corrosion (left hand)
 p - a ring of fire
Scrolls
 f - a scroll of identify
Potions
 a - a potion of mutation
 d - 2 potions of might
 h - 2 potions of attraction
 m - a potion of lignification
 n - a potion of resistance {unknown}

Dungeon Overview and Level Annotations

Branches:
Dungeon (5/15)
 Temple: D:4-7

Altars:
Fedhas
Kikubaaqudgha
Wu Jian
Zin
The Shining One


Message History

The centaur hits you but does no damage.
The centaur kicks you but does no damage.
The necrophage hits you but does no damage.
Something hits you but does no damage.
The centaur hits you but does no damage.
The centaur kicks you but does no damage.
The necrophage hits you but does no damage.
Something hits you but does no damage.
The necrophage attacks as you move away!
The necrophage closely misses you. The centaur hits you.
The centaur kicks you but does no damage.
The orc hits you but does no damage. The centaur closely misses you.
The centaur kicks you but does no damage.
The centaur barely misses you.
The centaur kicks you but does no damage.
The necrophage hits you but does no damage.
You slash the centaur!
You kill the centaur!
You closely miss the orc. You closely miss the necrophage.
The necrophage hits you but does no damage.
The orc closely misses you.
Your Axes skill increases to level 7!
The necrophage attacks as you move away!
The necrophage barely misses you.
You barely miss the orc. You closely miss the orc. You miss the necrophage.
You closely miss something.
You feel less confused. You block the necrophage's attack.
The orc hits you but does no damage. x2
Something hits you.
3247 ||| READING scroll of teleportation.
As you read the scroll of teleportation, it crumbles to dust.
You feel strangely unstable. The necrophage hits you.
The orc hits you with a +0 hand axe. The orc barely misses you.
You hear some strange, mumbled words.
A magic dart appears from out of thin air!
The magic dart hits you.
You die...

............
..........
#........## .
#.##.........#..
##.#....$......#
...............##
........o.......#
.#......o@.......
.........n{......
.......).........
....!..)=........
..#....<.........
. #####..........
...........
..###....... .##
.)...#


You could see a necrophage and 2 orcs.

Vanquished Creatures
  Eustachio (D:4)
  A centaur (D:5)
  A scorpion (D:4)
  A hound (D:5)
  2 orc priests
  An iguana (D:4)
  Terence (D:2)
  An orc wizard (D:4)
  5 gnolls
  10 adders
  An adder zombie (D:2)
  A worm (D:4)
  2 dart slugs (D:3)
  5 orcs
  9 bats
  A bat zombie (D:2)
  10 endoplasms
  4 giant cockroaches
  7 goblins
  3 hobgoblins
  2 kobolds
  2 quokkas
  12 ball pythons
  2 ball python zombies (D:2)
  4 frilled lizards
  8 rats
97 creatures vanquished.

Vanquished Creatures (others)
  A withered plant (D:2)
1 creature vanquished.

Grand Total: 98 creatures vanquished

Notes
Turn   | Place    | Note
-------+----------+-------------------------------------------
     0 | D:1      | qw the Gargoyle Fighter began the quest for the Orb.
     0 | D:1      | Reached XP level 1. HP: 14/14 MP: 1/1
     0 | D:1      | 0 ||| qw: Version: 0.2-a-12-gaebbb33
     0 | D:1      | 0 ||| qw: Game counter: 1260
     0 | D:1      | 0 ||| qw: Always use a shield: true
     0 | D:1      | 0 ||| qw: God list: Okawaru
     0 | D:1      | 0 ||| qw: Allow faded altars: false
     0 | D:1      | 0 ||| qw: Do Orc after D:15 true
     0 | D:1      | 0 ||| qw: Do second Lair branch before Depths: true
     0 | D:1      | 0 ||| qw: Lair rune preference: random
     0 | D:1      | 0 ||| qw: Plans: Normal, Zot:1-4, God:TSO, Crypt, Tomb,
                  | Pan, Slime:5, Hells, Abyss, Orb
     0 | D:1      | 0 ||| PLANNING D:1-11
    36 | D:1      | Reached skill level 2 in Axes
   189 | D:1      | Reached XP level 2. HP: 19/19 MP: 2/2
   291 | D:1      | 291 ||| Stepping ~*~*~tactically~*~*~ (stealth).
   292 | D:1      | 292 ||| Stepping ~*~*~tactically~*~*~ (stealth).
   310 | D:1      | Found a faded altar of an unknown god.
   482 | D:1      | 482 ||| DROPPING +0 club.
   517 | D:1      | Reached skill level 3 in Axes
   583 | D:1      | Reached XP level 3. HP: 23/23 MP: 3/3
   821 | D:1      | 821 ||| UPGRADING to +1 hat.
   826 | D:1      | 826 ||| READING scroll labelled CIWOPYBOTUI.
   870 | D:1      | 870 ||| READING scroll labelled RIUZOD JUQIQ.
   956 | D:2      | 956 ||| Stepping ~*~*~tactically~*~*~ (stealth).
  1063 | D:2      | 1063 ||| Stepping ~*~*~tactically~*~*~ (stealth).
  1183 | D:2      | Reached XP level 4. HP: 25/28 MP: 4/4
  1241 | D:2      | 1241 ||| DROPPING +0 whip.
  1253 | D:2      | Noticed Terence
  1262 | D:2      | Killed Terence
  1263 | D:2      | Reached skill level 4 in Axes
  1480 | D:2      | 1480 ||| UPGRADING to +0 chain mail.
  1490 | D:2      | 1490 ||| DROPPING +0 scale mail.
  1491 | D:2      | 1491 ||| READING 2 scrolls labelled DUOMOO ORCHOAGROA.
  1492 | D:2      | 1492 ||| READING scroll labelled DUERUT XUCLEBB.
  1493 | D:2      | 1493 ||| READING scroll labelled XER KIR XIUMPA.
  1494 | D:2      | 1494 ||| DRINKING 2 murky purple potions.
  1524 | D:3      | 1524 ||| Stepping ~*~*~tactically~*~*~ (hiding).
  1525 | D:3      | 1525 ||| Stepping ~*~*~tactically~*~*~ (hiding).
  1539 | D:3      | Reached XP level 5. HP: 18/32 MP: 5/5
  1734 | D:3      | 1734 ||| Stepping ~*~*~tactically~*~*~ (stealth).
  1798 | D:3      | 1798 ||| Stepping ~*~*~tactically~*~*~ (hiding).
  1961 | D:3      | Reached skill level 5 in Axes
  2243 | D:3      | 2243 ||| UPGRADING to +0 pair of boots.
  2248 | D:3      | 2248 ||| READING scroll labelled HALUMP VEPUUD.
  2249 | D:3      | 2249 ||| READING scroll labelled QURYLI LYOB.
  2253 | D:3      | 2253 ||| READING 2 scrolls of identify.
  2253 | D:3      | 2253 ||| IDENTIFYING fizzy golden potion
  2254 | D:3      | 2254 ||| DROPPING potion of brilliance.
  2320 | D:4      | Found a glowing silver altar of Zin.
  2321 | D:4      | Found a glowing golden altar of the Shining One.
  2322 | D:4      | Found an ornate altar of the Wu Jian Council.
  2488 | D:4      | Noticed Eustachio
  2525 | D:4      | Killed Eustachio
  2526 | D:4      | Reached XP level 6. HP: 32/38 MP: 6/6
  2665 | D:4      | Reached skill level 6 in Axes
  2817 | D:4      | Reached skill level 1 in Dodging
  2817 | D:4      | Reached XP level 7. HP: 43/43 MP: 7/7
  2848 | D:4      | 2848 ||| Stepping ~*~*~tactically~*~*~ (hiding).
  2851 | D:4      | 2851 ||| Stepping ~*~*~tactically~*~*~ (hiding).
  2852 | D:4      | 2852 ||| Stepping ~*~*~tactically~*~*~ (hiding).
  2853 | D:4      | 2853 ||| Stepping ~*~*~tactically~*~*~ (hiding).
  2980 | D:4      | Found a blossoming altar of Fedhas.
  2981 | D:4      | Found an ancient bone altar of Kikubaaqudgha.
  3175 | D:4      | 3175 ||| UPGRADING to ring of resist corrosion.
  3176 | D:4      | 3176 ||| DRINKING 2 lumpy brown potions.
  3176 | D:4      | Gained mutation: Your spells are a little harder to cast,
                  | but a little more powerful. [potion of mutation]
  3176 | D:4      | Gained mutation: Your body sometimes deteriorates upon
                  | taking damage. [potion of mutation]
  3176 | D:4      | Gained mutation: Your skin changes colour to match your
                  | surroundings (Stealth+). [potion of mutation]
  3177 | D:4      | 3177 ||| READING 3 scrolls of identify.
  3177 | D:4      | 3177 ||| IDENTIFYING bubbling black potion
  3178 | D:4      | 3178 ||| READING 2 scrolls of identify.
  3178 | D:4      | 3178 ||| IDENTIFYING fizzy pink potion
  3179 | D:4      | 3179 ||| DROPPING potion of degeneration.
  3224 | D:5      | Entered Level 5 of the Dungeon
  3242 | D:5      | HP: 8/43 [centaur (4)]
  3245 | D:5      | Reached skill level 7 in Axes
  3247 | D:5      | 3247 ||| READING scroll of teleportation.
  3247 | D:5      | HP: 3/43 [necrophage (5)]
  3247 | D:5      | HP: 1/43 [orc/+0 hand axe (2)]
  3247 | D:5      | Killed from afar by an orc wizard

Levels and vault maps discovered:
D:1:      grunt_arrival_lava_bath, layout_loops_ring,
          ebering_ecumenical_altar_rust
D:2:      layout_rooms, serial_undead, serial_undead_c, serial_undead_f,
          serial_undead_f, serial_undead_d, uniq_terence
D:3:      layout_rooms, minmay_snake_closets
D:4:      layout_basic, grunt_temple_overflow_growth_and_decay,
          chequers_temple_overflow_statue_of_worship, uniq_eustachio
D:5:      layout_cave_pools, uniq_ijyb

Skill      XL: |  1  2  3  4  5  6  7 |
---------------+----------------------+-----
Axes           | 2 3 4 5 6 7 |  7.1
Fighting       | 4 |  4.0
Dodging        | 1 |  1.3
Armour         | |  3.2
Shields        | |  3.2

Action                   |  1- 3 |  4- 6 |  7- 9 || total
-------------------------+-------+-------+-------++-------
Melee: War axe           |   111 |   141 |    53 ||   305
Throw: Boomerang         |       |    30 |     8 ||    38
  Use: Scroll            |     2 |     6 |     3 ||    11
       Potion            |       |     1 |     1 ||     2
Armor: Scale mail        |    63 |     2 |       ||    65
       Chain mail        |       |    79 |    64 ||   143
Dodge: Dodged            |    52 |    48 |    25 ||   125
Block: Buckler           |    16 |    32 |    17 ||    65

Table legend:
 A = Non-vault XP
 B = Vault XP
 C = Vault XP percentage of total XP
 D = Non-vault monster count
 E = Vault monster count
 F = Vault count percentage of total count
                 A         B        C        D         E       F
            +---------+---------+-------+---------+---------+-------
      Total |     662 |     306 |  31.6 |      81 |      16 |  16.5
            +---------+---------+-------+---------+---------+-------
        D:1 |      41 |       0 |   0.0 |      18 |       0 |   0.0
        D:2 |      50 |      46 |  47.9 |      18 |       5 |  21.7
        D:3 |      83 |      58 |  41.1 |      21 |      10 |  32.3
        D:4 |     264 |     202 |  43.3 |      19 |       1 |   5.0
        D:5 |     224 |       0 |   0.0 |       5 |       0 |   0.0
            +---------+---------+-------+---------+---------+-------
